Map: Submarine LE

Players

ExpecT - Winner!

  • Race: Terran Terran
  • Spawn Location: 11:00

Has

  • Race: Protoss Protoss
  • Spawn Location: 5:00

Event: DreamHack SC2 Masters 2020 Summer TwHkMoJp

VOD

Have the link to the VOD?

Description

Time

  • Played on: June 26, 2020, 8:22 a.m.
  • Length: 11:35

All games in this series

Show
View Real Time Build Order
Export as new Build Order

ExpecT Terran - Winner!

Build Orders: Liberator Opening, Reaper Expand 

Get SALT Encoding   

  12  0:00  SCV  
  13  0:12  SCV  
  14  0:17  Supply Depot  
  14  0:25  SCV  
  15  0:38  SCV  
  15  0:40  Barracks  
  16  0:45  Refinery  
  16  0:50  SCV  
  17  1:02  SCV  
  18  1:14  SCV  
  19  1:26  Orbital Command  
  19  1:28  Reaper  
  20  1:42  Command Center  
  20  1:53  SCV  
  20  1:54  Supply Depot  
  21  1:59  Marine  
  22  2:07  Factory  
  22  2:08  SCV  
  23  2:15  Refinery  
  23  2:21  SCV  
  23  2:22  Barracks Reactor  
  24  2:33  SCV  
  25  2:45  SCV  
  26  2:54  Orbital Command  
  26  2:57  Hellion  
  26  2:58  Starport  
  26  3:00  SCV  
  26  3:02  Marine x2  
  29  3:12  SCV  
  30  3:19  Factory Tech Lab  
  30  3:20  Marine x2  
  30  3:21  SCV  
  30  3:24  SCV  
  34  3:37  Liberator  
  34  3:39  Marine x2  
  39  3:42  Cyclone  
  39  3:43  SCV  
  39  3:44  SCV  
  39  3:46  Supply Depot  
  44  3:56  SCV x2  
  44  3:57  Barracks  
  46  4:07  Supply Depot, Marine x2  
  48  4:12  Barracks  
  48  4:13  SCV  
  48  4:14  SCV  
  48  4:21  Siege Tank  
  50  4:27  Marine x2  
  50  4:29  SCV x2  
  54  4:35  Supply Depot  
  54  4:46  SCV  
  54  4:49  Marine x2  
  54  4:51  Barracks Tech Lab  
  56  4:53  Siege Tank  
  56  4:55  SCV  
  56  4:58  SCV  
  61  5:01  Supply Depot  
  61  5:03  Engineering Bay, Barracks Tech Lab  
  61  5:08  SCV  
  61  5:10  SCV, Marine x2  
  65  5:17  Supply Depot  
  65  5:19  Refinery  
  65  5:20  SCV  
  65  5:27  Stimpack  
  63  5:32  Marauder x2, Marine x2  
  63  5:33  SCV x2  
  71  5:42  Terran Infantry Weapons Level 1  
  71  5:45  Starport Reactor, Missile Turret  
  71  5:47  SCV x2, Supply Depot  
  73  5:59  SCV x2  
  70  6:09  Marine x2  
  70  6:10  Marauder x2  
  73  6:11  SCV x2  
  73  6:13  Combat Shield  
  73  6:23  SCV x2  
  73  6:24  Refinery  
  73  6:25  Medivac  
  77  6:30  Medivac  
  79  6:35  Marine  
  79  6:36  Marauder x2, Marine  
  84  6:43  Missile Turret  
  84  6:50  Siege Tank  
  87  6:55  Command Center  
  87  6:57  Marine x2  
  89  7:01  Medivac  
  89  7:07  Supply Depot  
  89  7:08  Supply Depot  
  91  7:15  Barracks  
  91  7:16  Barracks  
  91  7:20  Marine  
  91  7:21  Marauder  
  94  7:29  SCV x2, Marauder  
  98  7:32  Concussive Shells  
  98  7:35  Medivac x2  
  101  7:51  Marauder, Marine  
  94  7:56  Siege Tank  
  95  8:01  Terran Infantry Armor Level 1  
  95  8:02  SCV x2  
  95  8:03  Barracks Tech Lab  
  95  8:05  Viking x2  
  101  8:08  Marauder  
  105  8:13  Marauder, Barracks Tech Lab  
  105  8:14  Barracks Reactor  
  105  8:17  SCV x2  
  107  8:27  Marine x2  
  107  8:28  Marauder  
  107  8:29  Marauder  
  107  8:33  Marine  
  108  8:38  Viking x2  
  101  8:43  Siege Tank  
  104  8:49  SCV x2  
  104  8:50  Orbital Command  
  105  9:06  Marauder x3, Marine x4  
  114  9:16  Viking  
  79  9:17  Viking, Siege Tank  
  106  9:23  Marine  
  112  9:25  Marine x3  
  112  9:27  Marauder x3  
  106  9:41  Marine  
  106  9:42  Marine  
  106  9:43  Marine x2  
  90  9:49  Marauder x3  
  82  9:59  Marine  
  77  10:00  Marine  
  77  10:02  SCV x3  
  81  10:09  Marine  
  81  10:10  Marauder x3, Marine  
  89  10:14  SCV x3  
  89  10:18  Siege Tank  
  95  10:25  Marine x2  
  95  10:28  SCV x3  
  100  10:31  Marauder x2  
  100  10:33  Marauder, Marine x2  
  106  10:49  Marine x2  
  107  10:51  Marine  
  107  10:53  Marauder x2  
  107  10:54  Siege Tank  
  107  10:55  Viking  
  109  11:09  Marauder, Marine  
  98  11:11  SCV  
  98  11:15  Marine x2  
  98  11:16  Marine  
  98  11:18  SCV  
Show
View Real Time Build Order
Export as new Build Order

Has Protoss 

Build Orders: 1 Gate Expand 

Get SALT Encoding   

  12  0:00  Probe  
  13  0:12  Probe  
  14  0:17  Pylon  
  14  0:25  Probe  
  15  0:33  Probe  
  15  0:36  Gateway  
  15  0:41  Probe, Assimilator  
  17  0:51  Probe  
  18  1:03  Probe  
  19  1:15  Probe  
  20  1:23  Cybernetics Core  
  20  1:31  Nexus  
  20  1:35  Probe  
  21  1:41  Assimilator  
  21  1:46  Pylon  
  21  1:49  Adept  
  22  1:59  Warp Gate  
  23  2:03  Shield Battery  
  23  2:05  Probe  
  24  2:17  Probe  
  24  2:19  Adept  
  27  2:29  Probe  
  28  2:36  Robotics Facility  
  28  2:41  Probe  
  29  2:48  Probe  
  30  2:53  Probe  
  31  2:59  Adept  
  31  3:00  Probe  
  34  3:05  Probe  
  34  3:09  Gateway  
  34  3:10  Gateway  
  35  3:17  Probe, Observer  
  35  3:18  Probe  
  38  3:29  Probe  
  38  3:30  Probe, Warp Prism  
  41  3:43  Shield Battery  
  41  3:47  Stalker  
  42  3:48  Probe  
  42  3:50  Pylon  
  42  3:51  Probe  
  44  4:01  Probe  
  45  4:03  Probe  
  45  4:09  Stalker x2  
  50  4:11  Stalker  
  50  4:13  Probe  
  50  4:15  Probe  
  54  4:30  Pylon  
  52  4:32  Stalker  
  54  4:38  Probe  
  54  4:48  Probe  
  54  4:50  Probe  
  56  4:54  Robotics Bay  
  56  4:56  Stalker x3  
  62  5:01  Pylon  
  62  5:06  Assimilator  
  62  5:07  Assimilator  
  62  5:09  Pylon  
  62  5:16  Probe  
  62  5:19  Probe  
  63  5:23  Immortal  
  63  5:29  Probe  
  63  5:31  Probe  
  69  5:39  Gateway  
  69  5:40  Gateway  
  69  5:41  Adept x2  
  73  5:46  Sentry  
  73  5:49  Pylon  
  75  5:52  Pylon  
  75  5:58  Disruptor  
  75  6:01  Probe  
  67  6:20  Stalker, Sentry  
  67  6:21  Stalker  
  67  6:24  Gateway  
  67  6:25  Warp Prism, Gateway  
  71  6:27  Gravitic Drive  
  71  6:32  Probe  
  72  6:34  Pylon  
  72  6:35  Zealot x2  
  78  6:43  Colossus  
  78  6:47  Nexus  
  78  6:48  Sentry  
  78  6:49  Pylon  
  80  7:01  Pylon  
  80  7:07  Stalker, Sentry  
  90  7:11  Stalker  
  92  7:16  Stalker  
  92  7:18  Stalker  
  96  7:27  Colossus  
  93  7:39  Stalker  
  93  7:44  Pylon x2  
  101  7:57  Zealot x2  
  101  8:00  Pylon  
  101  8:04  Zealot  
  101  8:14  Zealot  
  101  8:15  Zealot x2  
  101  8:19  Disruptor  
  107  8:20  Probe, Pylon  
  107  8:27  Zealot x2  
  107  8:40  Stalker x3  
  111  8:46  Disruptor  
  111  8:48  Stalker x2  
  115  8:52  Pylon  
  118  9:01  Nexus  
  118  9:02  Pylon  
  118  9:03  Zealot x3  
  118  9:17  Zealot x2  
  122  9:24  Sentry x3  
  122  9:28  Probe x2  
  122  9:40  Probe  
  122  9:42  Zealot  
  105  9:46  Warp Prism  
  105  9:49  Stalker x3  
  105  9:51  Probe  
  75  10:04  Stalker x3, Sentry  
  75  10:05  Sentry  
  85  10:10  Disruptor  
  85  10:11  Probe  
  85  10:14  Pylon  
  86  10:23  Shield Battery  
  86  10:27  Stalker x3  
  86  10:28  Stalker  
  97  10:31  Stalker  
  99  10:45  Disruptor  
  100  10:53  Zealot x3  
  100  10:54  Zealot x2  
  96  11:09  Probe x2  
  83  11:14  Zealot x2  
  83  11:15  Zealot x3  
  73  11:20  Probe  
Tags
 
Add a new tag
Caveats
  • Supply blocks, unpowered buildings, or Contaminate may cause inaccurate times.
  • Supply counts are checked every 10 seconds.